 Dungeon Crawl Stone Soup version 0.27-a0-808-g60bc5d92e6 (webtiles) character file.

Game seed: 15295010103635505507

3669 wakim the Basher (level 9, 0/82 HPs)
             Began as a Minotaur Fighter on Mar 28, 2021.
             Was a Priest of Nemelex Xobeh.
             Slain by a two-headed ogre
             ... wielding a +0 giant club
              (26 damage)
             ... on level 9 of the Dungeon.
             The game lasted 00:25:22 (10917 turns).

wakim the Basher (Minotaur Fighter)                Turns: 10917, Time: 00:25:23

Health: 0/82       AC: 14    Str: 23    XL:     9   Next: 89%
Magic:  10/10      EV:  7    Int: 11    God:    Nemelex Xobeh [***...]
Gold:   555        SH: 12    Dex: 11    Spells: 8/8 levels left

rFire    . . .     SeeInvis .   b - +9 short sword "Banout" {vorpal, +Fly rElec rC+ rN+, short}
rCold    + . .     Faith    .   c - +1 kite shield
rNeg     + . .     Spirit   .   l - +3 chain mail
rPois    .         Reflect  .   (helmet restricted)
rElec    +         Harm     .   (no cloak)
rCorr    .         Rampage  .   (no gloves)
Will     .....                  (no boots)
Stlth    ..........             (no amulet)
HPRegen  0.23/turn              e - +6 ring of intelligence
MPRegen  0.12/turn              (no ring)

@: no status effects
A: horns 2, retaliatory headbutt
a: Renounce Religion, Draw Escape, Draw Destruction, Draw Summoning, Triple Draw


You were on level 9 of the Dungeon.
You worshipped Nemelex Xobeh.
Nemelex Xobeh was most pleased with you.
You visited 2 branches of the dungeon, and saw 10 of its levels.
You also visited: Sewer.

You collected 555 gold pieces.


Innate Abilities, Weirdness & Mutations

You have a pair of horns on your head.
You reflexively headbutt those who attack you in melee.


   Skills:
 * Level 8.8 Fighting
 * Level 9.1 Maces & Flails
 * Level 8.8 Armour
 * Level 8.8 Shields
 + Level 3.7 Invocations


You had 8 spell levels left.
You didn't know any spells.
Your spell library contained the following spells:

 Spells                   Type           Power      Damage    Failure   Level
 Animate Skeleton         Necr           0%         N/A       99%         1
 Apportation              Tloc           0%         N/A       99%         1
 Corona                   Hex            0%         N/A       99%         1
 Foxfire                  Conj/Fire      0%         2x1d4     99%         1
 Magic Dart               Conj           0%         1d3       99%         1
 Summon Small Mammal      Summ           0%         N/A       99%         1
 Blink                    Tloc           N/A        N/A       100%        2
 Call Imp                 Summ           0%         N/A       100%        2
 Slow                     Hex            0%         N/A       100%        2
 Conjure Flame            Conj/Fire      0%         6-21      100%        3
 Mephitic Cloud           Conj/Pois/Air  0%         N/A       100%        3
 Fulminant Prism          Conj/Hex       0%         3d6       100%        4
 Iskenderun's Mystic Bla  Conj/Tloc      0%         2d3       100%        4
 Spellforged Servitor     Conj/Summ      0%         N/A       100%        7

Inventory:

Hand Weapons
 a - a +0 flail {mace}
 b - the +9 short sword "Banout" (weapon) {vorpal, +Fly rElec rC+ rN+, short}
   (You found it on level 8 of the Dungeon)

   It inflicts extra damage upon your enemies.
   It protects you from cold.
   It insulates you from electricity.
   It protects you from negative energy.
   It lets you fly.
Missiles
 f - 40 bolts
 h - 169 arrows
 i - 35 poisoned darts {throwing}
 j - a curare-tipped dart {=fthrowing}
 o - 6 boomerangs {throwing}
 s - 287 stones (quivered) {throwing}
 z - 34 sling bullets
Armour
 c - a +1 kite shield (worn)
 l - a +3 chain mail (worn)
   (You found it on level 6 of the Dungeon)
Jewellery
 e - a +6 ring of intelligence (left hand)
   (You found it on level 1 of the Dungeon)
Wands
 t - a wand of digging (4)
   (You found it on level 8 of the Dungeon)
 u - a wand of mindburst (8)
   (You found it on level 7 of the Dungeon)
 v - a wand of flame (30)
   (You took it off Sigmund on level 4 of the Dungeon)
 y - a wand of paralysis (5)
   (You found it on level 5 of the Dungeon)
Scrolls
 d - a scroll of magic mapping {unknown}
 k - 2 scrolls of enchant armour
 n - a scroll of vulnerability {unknown}
 r - a scroll of identify {@r1}
 w - a scroll of summoning {unknown}
 x - a scroll of brand weapon {unknown}
 Q - 3 scrolls of immolation {!r!r}
 Y - 2 scrolls of blinking {!r}
Potions
 g - a potion of mutation {unknown}
 m - a potion of haste {unknown}
 p - a potion of cancellation {unknown}
 q - a potion of brilliance {unknown}
 C - a potion of berserk rage {!q}
 F - a potion of curing {@q1}
 I - a potion of invisibility
 J - a potion of heal wounds {@q2}
 K - a potion of magic

Dungeon Overview and Level Annotations

Branches:
Dungeon (9/15)             Temple (1/1) D:5            Lair (0/6) D:8
    Orc (0/2) D:9           Sewer (visited)

Altars:
Ashenzari
Cheibriados
Dithmenos
Elyvilon
Fedhas
Gozag
Hepliaklqana
Kikubaaqudgha
Makhleb
Nemelex Xobeh
Okawaru
Qazlal
Ru
Sif Muna
Trog
Uskayaw
Vehumet
Wu Jian
Xom
Yredelemnul
Zin
The Shining One

Shops:
D:3 (

Annotations:
D:5 2 transporters, Hasart's ghost, amateur DgFi
D:9 1 runed translucent door, Ge0ff's ghost, novice TeAr

#..# ....... #..#
....... #..# .......
######..####........
#.............
#.............
##....###..###
#..♣......#
##@≈≈≈♣...#
♣O;≈P≈...#
#≈.≈≈≈P....
#.≈≈≈≈≈≈....
#P≈≈≈≈≈....#
#.≈.≈≈.≈...#
#.≈≈≈≈≈≈...#
#.≈≈P≈≈≈P..########
..≈≈≈..≈...........


You could see a two-headed ogre and an electric eel.


Message History

You hit the howler monkey. You block the howler monkey's attack.
The howler monkey hits you but does no damage.
You closely miss the howler monkey.
The howler monkey hits you but does no damage.
You hit the howler monkey. Your headbutt misses the howler monkey.
You block the howler monkey's attack.
The howler monkey hits you but does no damage.
You hit the howler monkey but do no damage.
Your headbutt misses the howler monkey. You block the howler monkey's attack.
You closely miss the howler monkey. You block the howler monkey's attack.
The howler monkey hoots and howls with incredible vigour!
You hear a shout! x9; You hear an angry hiss.
You hit the howler monkey.
The howler monkey hits you but does no damage.
You hit the howler monkey.
You kill the howler monkey!
No target in view!
No target in view!
No target in view!
No target in view!
No target in view!
No target in view!
No target in view!
No target in view!
No target in view!
No target in view!
No target in view!
No target in view!
No target in view!
No target in view!
No target in view!
No target in view!
No target in view!
No target in view!
You see here a howler monkey corpse.
A centaur zombie comes into view.
You puncture the centaur zombie! You block the centaur zombie's attack.
The centaur zombie closely misses you.
You puncture the centaur zombie! You headbutt the centaur zombie!
The centaur zombie hits you. You block the centaur zombie's attack.
The centaur zombie hits you but does no damage.
The centaur zombie closely misses you. 😕 HP[-3]
You take 3 damage, and now have 79/82 hp.
You puncture the centaur zombie!
You destroy the centaur zombie!
No target in view!
No target in view!
No target in view!
No target in view!
No target in view!
No target in view!
No target in view!
No target in view!
No target in view!
No target in view!
No target in view!
No target in view!
No target in view!
An electric eel is nearby! 😎 HP[+3]
Your hp is fully restored (82).
The electric eel shoots out a bolt of lightning at you!
The bolt of electricity hits you. You resist. 😕 HP[-5]
You take 5 damage, and now have 77/82 hp.
The electric eel shoots out a bolt of lightning at you!
The bolt of electricity hits you. You resist.
You enter the shallow water.
Moving in this stuff is going to be slow.
The two-headed ogre shouts in stereo!
The electric eel shoots out a bolt of lightning at you!
The bolt of electricity hits you but does no damage.
You resist.
The electric eel shoots out a bolt of lightning at you!
The bolt of electricity hits you. You resist. 😕 HP[-1]
You take 1 damage, and now have 76/82 hp.
The two-headed ogre hits you with a +0 giant club!
The two-headed ogre hits you with a +0 giant spiked club!! 😮 HP[-30]
You take 30 damage, and now have 46/82 hp.
MASSIVE DAMAGE!! (PAUSE)
You enter the shallow water.
Moving in this stuff is going to be slow.
The electric eel shoots out a bolt of lightning at you!
The bolt of electricity hits you. You resist. 😮 HP[-2]
You take 2 damage, and now have 44/82 hp.
You completely miss the electric eel. You headbutt the electric eel.
You block the two-headed ogre's attack. x2
You hit the electric eel.
The two-headed ogre hits you with a +0 giant club!
* * * LOW HITPOINT WARNING * * *
You block the two-headed ogre's attack.
The two-headed ogre hits you with a +0 giant club!
* * * LOW HITPOINT WARNING * * *
The two-headed ogre hits you with a +0 giant spiked club!!
You die...
Your body glows slightly and disappears.

Skill      XL: |  1  2  3  4  5  6  7  8  9 |
---------------+----------------------------+-----
Maces & Flails | 3 4 5 6 7 9 |  9.1
Armour         | 4 5 6 7 8 |  8.8
Fighting       | 4 5 6 7 8 |  8.8
Shields        | 4 5 6 7 8 |  8.8
Invocations    | 1 2 3 |  3.7

Action                   |  1- 3 |  4- 6 |  7- 9 || total
-------------------------+-------+-------+-------++-------
Melee: Flail             |    90 |   187 |   425 ||   702
       Headbutt          |    17 |    20 |    85 ||   122
       Unarmed           |       |    11 |       ||    11
       Short sword       |       |       |    58 ||    58
Invok: Draw Escape       |       |       |     1 ||     1
  Use: Scroll            |     2 |     6 |     5 ||    13
       Potion            |       |     2 |     3 ||     5
Armor: Scale mail        |    34 |    15 |       ||    49
       Chain mail        |       |    80 |   254 ||   334
Dodge: Dodged            |    31 |    53 |   119 ||   203
Block: Kite shield       |    48 |   116 |   371 ||   535

Levels and vault maps discovered:
D:1:      lightli_molten_gateway, layout_basic, corner_web_ring, minmay_tripent
D:2:      layout_loops_corners, zin_academy, nemelex_xobeh_ov_fountains_minmay,
          uniq_robin, uniq_terence
D:3:      minmay_wonky_spiral, layout_basic, serial_shops, nicolae_shop_trees
D:4:      layout_basic, xom_butterflies, uniq_sigmund
D:5:      layout_cave_pools, minmay_temple_entry_hall, portal_sewer_entry_c,
          gammafunk_ghost_abyssal_escape, basic_altar, chequers_garden,
          glass_columns_a, uniq_menkaure
D:6:      layout_loops_ring, serial_shops, shop, uniq_edmund
D:7:      layout_basic
D:8:      layout_gridville, gammafunk_temple_overflow_claw, lair_entry_dummy
D:9:      layout_small_grid, nicolae_overflow_quartered_altars,
          minmay_orc_entry_temple_large, gammafunk_ghost_grave, serial_bayou,
          serial_bayou_lagoon_b, serial_bayou_shore_b, serial_bayou_pond_e,
          serial_bayou_pond_b, serial_bayou_crossing
Temple:   minmay_temple_bridge_abc

Notes
Turn   | Place    | Note
-------+----------+-------------------------------------------
     0 | D:1      | wakim the Minotaur Fighter began the quest for the Orb.
     0 | D:1      | Reached XP level 1. HP: 19/19 MP: 0/0
     0 | D:1      | magus.rc [v1.9.6]
   240 | D:1      | Reached XP level 2. HP: 27/27 MP: 1/1
   393 | D:1      | Reached skill level 3 in Maces & Flails
   596 | D:1      | Reached skill level 4 in Armour
   604 | D:1      | Reached skill level 4 in Fighting
   604 | D:1      | Reached skill level 4 in Shields
   604 | D:1      | Reached XP level 3. HP: 33/33 MP: 2/2
  1528 | D:2      | You pick up a book of Cantrips and begin reading...
  1528 | D:2      | You add the spells Corona, Animate Skeleton, Summon Small
                  | Mammal and Apportation to your library.
  1750 | D:2      | Reached XP level 4. HP: 31/40 MP: 3/3
  1862 | D:2      | Found a sparkling altar of Nemelex Xobeh.
  1912 | D:2      | Noticed Robin
  1925 | D:2      | HP: 10/40 [hobgoblin[Robin] (5)]
  1942 | D:2      | Killed Robin
  1943 | D:2      | Reached skill level 4 in Maces & Flails
  2479 | D:2      | Found a glowing silver altar of Zin.
  2535 | D:2      | Noticed Terence
  2571 | D:2      | HP: 8/41 [Terence/+0 flail (12)]
  2593 | D:2      | HP: 3/41 [Terence/+0 flail (7)]
  2594 | D:2      | Killed Terence
  2949 | D:2      | Reached XP level 5. HP: 25/47 MP: 4/4
  3602 | D:3      | Found Ulutahupp's Antique Weapon Emporium.
  4249 | D:4      | Found a shimmering altar of Xom.
  4469 | D:4      | Noticed Sigmund
  4500 | D:4      | Reached skill level 5 in Maces & Flails
  4595 | D:4      | Killed Sigmund
  4596 | D:4      | Reached skill level 5 in Fighting
  4596 | D:4      | Reached skill level 5 in Armour
  4596 | D:4      | Reached skill level 5 in Shields
  4596 | D:4      | Reached XP level 6. HP: 34/56 MP: 5/5
  4817 | D:2      | Became a worshipper of Nemelex Xobeh the Trickster
  5296 | D:5      | Entered Level 5 of the Dungeon
  5320 | D:5      | Reached XP level 7. HP: 59/61 MP: 6/6
  5334 | D:5      | Found a glowing drain.
  5342 | D:5      | Reached skill level 6 in Maces & Flails
  5342 | D:5      | Noticed Menkaure
  5346 | D:5      | Killed Menkaure
  5347 | D:5      | Reached skill level 1 in Invocations
  5562 | Sewer    | Entered a sewer
  5794 | Sewer    | Reached skill level 6 in Armour
  5928 | Sewer    | Reached skill level 6 in Fighting
  6014 | Sewer    | Reached skill level 6 in Shields
  6028 | Sewer    | You pick up a book of Minor Magic and begin reading...
  6028 | Sewer    | You add the spells Magic Dart, Blink, Call Imp, Slow,
                  | Conjure Flame and Mephitic Cloud to your library.
  6047 | D:5      | magus.rc [v1.9.6]
  6124 | D:5      | Reached * piety under Nemelex Xobeh
  6151 | D:5      | Found a staircase to the Ecumenical Temple.
  6275 | D:5      | Reached XP level 8. HP: 60/70 MP: 8/8
  6329 | D:5      | Received a gift from Nemelex Xobeh
  6337 | D:5      | Found an opulent altar of Gozag.
  6463 | D:5      | Found a transporter.
  6471 | D:5      | Found a transporter.
  6497 | D:5      | Noticed Hasart's ghost (amateur DgFi)
  6776 | Temple   | Entered the Ecumenical Temple
  7047 | D:6      | Found Hoafepp's Assorted Antiques.
  7127 | D:6      | Identified the Reference Book on Battle Magic
  7128 | D:6      | You add the spells Foxfire, Fulminant Prism, Iskenderun's
                  | Mystic Blast and Spellforged Servitor to your library.
  7301 | D:6      | Reached skill level 7 in Maces & Flails
  7356 | D:6      | Reached skill level 2 in Invocations
  7580 | D:6      | Noticed Edmund
  7589 | D:6      | Killed Edmund
  7753 | D:6      | Reached skill level 7 in Fighting
  7753 | D:6      | Reached skill level 7 in Armour
  7753 | D:6      | Reached skill level 7 in Shields
  7962 | D:6      | magus.rc [v1.9.6]
  7962 | D:6      | magus.rc [v1.9.6]
  8146 | D:7      | Noticed a hornet
  8159 | D:7      | Killed a hornet
  8160 | D:7      | Reached XP level 9. HP: 68/79 MP: 8/10
  8290 | D:7      | Reached skill level 8 in Maces & Flails
  8413 | D:7      | Reached skill level 3 in Invocations
  8414 | D:7      | Reached ** piety under Nemelex Xobeh
  9045 | D:8      | HP: 19/81 [poisoned by a kobold brigand]
  9050 | D:8      | HP: 19/121 [poisoned by a kobold brigand]
  9054 | D:7      | HP: 8/81 [poisoned by a kobold brigand]
  9058 | D:7      | HP: 3/81 [poisoned by a kobold brigand]
  9407 | D:8      | Received a gift from Nemelex Xobeh
  9459 | D:8      | Reached skill level 8 in Armour
  9461 | D:8      | Reached skill level 8 in Fighting
  9461 | D:8      | Reached skill level 8 in Shields
 10022 | D:8      | Identified the +1 robe "Uteor" {rElec Regen+ rCorr Dex-3}
 10074 | D:8      | Found a bloodstained altar of Trog.
 10074 | D:8      | Found a broken altar of Ashenzari.
 10075 | D:8      | Found an opulent altar of Gozag.
 10211 | D:8      | Found a staircase to the Lair.
 10212 | D:8      | Identified the +9 short sword "Banout" {vorpal, +Fly rElec
                  | rC+ rN+}
 10320 | D:9      | Noticed a two-headed ogre
 10451 | D:9      | Reached *** piety under Nemelex Xobeh
 10618 | D:9      | Reached skill level 9 in Maces & Flails
 10823 | D:9      | Found a runed translucent door.
 10823 | D:9      | Noticed Ge0ff's ghost (novice TeAr)
 10826 | D:9      | Found a glowing golden altar of the Shining One.
 10828 | D:9      | Found an ornate altar of the Wu Jian Council.
 10828 | D:9      | Found an ancient bone altar of Kikubaaqudgha.
 10850 | D:9      | Found a staircase to the Orcish Mines.
 10858 | D:9      | Found a snail-covered altar of Cheibriados.
 10917 | D:9      | Slain by a two-headed ogre

Vanquished Creatures
  A hornet (D:7)
  Sigmund (D:4)
  Edmund (D:6)
  Menkaure (D:5)
  An acid dragon (D:9)
  2 ice beasts
  A black bear (D:6)
  An orc warrior (D:8)
  2 sky beasts (D:7)
  A necrophage (D:5)
  2 centaurs (D:9)
  A phantom (D:6)
  2 kobold brigands
  4 bullfrogs
  A wyvern skeleton (D:5)
  2 scorpions
  A water moccasin skeleton (D:5)
  7 killer bees (D:8)
  2 electric eels (D:9)
  3 howler monkeys
  A bullfrog zombie (D:6)
  3 centaur zombies
  A hound (D:4)
  A gnoll shaman (D:7)
  2 orc priests
  3 orc wizards
  Terence (D:2)
  3 iguanas
  Robin (D:2)
  12 gnolls
  2 river rats (D:5)
  9 adders
  A howler monkey skeleton (D:4)
  2 ufetubi (D:4)
  An adder skeleton (D:4)
  3 worms
  3 dart slugs
  14 orcs
  26 ball pythons
  2 bats (D:1)
  20 endoplasms
  12 giant cockroaches
  15 goblins
  14 hobgoblins
  11 jackals
  10 kobolds
  17 quokkas
  14 frilled lizards
  7 rats
248 creatures vanquished.

Vanquished Creatures (others)
  A shadow (D:9)
  23 plants (D:9)
24 creatures vanquished.

Grand Total: 272 creatures vanquished

Table legend:
 A = Non-vault XP
 B = Vault XP
 C = Vault XP percentage of total XP
 D = Non-vault monster count
 E = Vault monster count
 F = Vault count percentage of total count
                 A         B        C        D         E       F
            +---------+---------+-------+---------+---------+-------
      Total |    3974 |    1268 |  24.2 |     164 |      85 |  34.1
            +---------+---------+-------+---------+---------+-------
        D:1 |      57 |       4 |   6.6 |      30 |       2 |   6.2
        D:2 |      68 |      70 |  50.7 |      14 |      12 |  46.2
        D:3 |      56 |       5 |   8.2 |      22 |       3 |  12.0
        D:4 |     152 |     223 |  59.5 |      23 |       1 |   4.2
        D:5 |     532 |     206 |  27.9 |      15 |       8 |  34.8
        D:6 |     508 |     176 |  25.7 |      11 |       1 |   8.3
        D:7 |    1154 |       0 |   0.0 |      19 |       0 |   0.0
        D:8 |     728 |     133 |  15.4 |      16 |       1 |   5.9
        D:9 |     719 |     247 |  25.6 |      14 |       2 |  12.5
      Sewer |       0 |     204 | 100.0 |       0 |      55 | 100.0
            +---------+---------+-------+---------+---------+-------

Illustrated notes

Table legend:
 A = Kills in this place as a percentage of kills in entire the game.
 B = Kills by you in this place as a percentage of kills by you in the entire game.
 C = Kills by friends in this place as a percentage of kills by friends in the entire game.
 D = Other kills in this place as a percentage of other kills in the entire game.
 E = Experience gained in this place as a percentage of experience gained in the entire game.
 F = Experience gained in this place divided by the number of levels of this place that you have seen.
                   A       B       C       D       E      F
               +-------+-------+-------+-------+-------+----------------------
         Total | 100.0 | 100.0 |   N/A | 100.0 | 100.0 | 476.5
       Dungeon |  77.9 |  77.8 |   N/A | 100.0 |  96.1 | 559.8
         Sewer |  22.1 |  22.2 |   N/A |   0.0 |   3.9 | 204.0
               +-------+-------+-------+-------+-------+----------------------

Table legend: (Time is in decaauts)
 A = Elapsed time spent in this place.
 B = Non-inter-level travel time spent in this place.
 C = Inter-level travel time spent in this place.
 D = Time resting spent in this place.
 E = Time spent auto-exploring this place.
 F = Levels seen in this place.
 G = Mean time per level.
                   A        B        C        D        E       F      G
               +--------+--------+--------+--------+--------+-----+--------+
         Total |  11216 |  10710 |    506 |    720 |   7964 |  11 | 1019.6 |
       Dungeon |  10442 |   9958 |    484 |    720 |   7557 |   9 | 1160.2 |
        Temple |    194 |    172 |     22 |      0 |    171 |   1 |  194.0 |
         Sewer |    579 |    579 |      0 |      0 |    236 |   1 |  579.0 |
               +--------+--------+--------+--------+--------+-----+--------+

Top non-repeatable levels by time:
     D:2: 2074 daAuts
     D:7: 1365 daAuts
     D:1: 1359 daAuts
     D:4: 1084 daAuts
     D:8: 1065 daAuts
     D:6: 1044 daAuts
     D:5: 1042 daAuts
     D:3: 877 daAuts
   Sewer: 579 daAuts
     D:9: 530 daAuts
  Temple: 194 daAuts
